AoeStats
← zack

Arena

513783579Analyzed
2v2 RM · 1mo ago on Oct 15, 2026· 45m 47s· 4 players
Game mode
Random Map
Map size
Medium (4 player)
Population
200
Speed
Normal
Resources
Standard
Victory
Conquest
Starting age
Dark Age
Ending age
Imperial Age
RankedLock teamsTeams togetherTeam positionsShared explorationLock speedFull tech treeHidden civsTurbo modeCheats
Victory
Defeat
🇺🇸 Tatars · United States
1247
+13
🇷🇺 Bulgarians · Russia
1224
+13
vs
🇨🇳 Varangians · China
1187
-14
🇨🇳 Persians · China
1152
-12
MaLaya.
12:35 Feudal Age
17:07 Castle Age
15:40 Double-Bit Axe
19:18 Wheelbarrow
24:06 Gold Mining
25:06 Hand Cart
27:50 Imperial Age
26:58 Forging
28:12 Iron Casting
27:43 Scale Barding Armor
29:36 Gold Shaft Mining
31:38 Stirrups
34:04 Blast Furnace
33:25 Chain Barding Armor
38:13 Bow Saw
40:25 Plate Barding Armor
40:03 Elite Konnik
41:37 Scale Mail Armor
RockStaRz
12:47 Feudal Age
13:37 Double-Bit Axe
13:35 Horse Collar
14:14 Gold Mining
16:31 Castle Age
15:46 Wheelbarrow
16:18 Fletching
18:52 Bow Saw
21:12 Heavy Plow
23:51 Bodkin Arrow
27:19 Town Watch
30:56 Imperial Age
29:03 Padded Archer Armor
29:41 Town Patrol
31:21 Heavy Cavalry Archer
32:19 Bracer
32:42 Ballistics
33:23 Chemistry
33:34 Leather Archer Armor
34:40 Crop Rotation
34:09 Onager
35:43 Gold Shaft Mining
35:12 Arson
36:06 Ring Archer Armor
36:02 Conscription
36:54 Hand Cart
38:14 Silk Armor
38:33 Loom
42:00 Masonry
Longlonglong
11:46 Feudal Age
15:50 Castle Age
13:43 Double-Bit Axe
13:39 Horse Collar
30:42 Gold Mining
34:30 Imperial Age
zack
10:41 Feudal Age
15:58 Castle Age
14:09 Double-Bit Axe
14:10 Horse Collar
17:37 Bow Saw
17:29 Heavy Plow
18:09 Gold Mining
25:02 Scale Mail Armor
27:19 Fervor
27:52 Wheelbarrow
28:10 Stone Mining
28:54 Town Watch
32:08 Imperial Age
30:54 Hand Cart
30:25 Loom
31:07 Chain Mail Armor
31:03 Forging
32:06 Squires
34:03 Crop Rotation
34:36 Two-Man Saw
33:55 Elite Varangian Guard
35:09 Conscription
37:32 Gothikon
39:08 Iron Casting
39:03 Plate Mail Armor
38:18 Elite Skirmisher
39:14 Padded Archer Armor
39:05 Fletching
40:06 Husbandry
41:26 Blast Furnace
40:38 Bloodlines
40:05 Light Cavalry
40:55 Cavalier
40:58 Vendel Legacy
42:03 Elite Jarl
43:00 Leather Archer Armor
Connection lost

Rejoining the realm…

Still unreachable

The connection could not be restored.

Session expired

The server has moved on; the page needs a fresh start.